 Dungeon Crawl Stone Soup version 0.30.0-15-g856e2d3f33 (webtiles) character file.

Game seed: 4162091636011849209

1402 qw the Cleaver (level 8, -4/51 HPs)
             Began as a Gargoyle Fighter on May 20, 2023.
             Slain by a two-headed ogre
             ... wielding a +0 giant club
              (9 damage)
             ... on level 6 of the Dungeon.
             The game lasted 00:02:13 (5020 turns).

qw the Cleaver (Gargoyle Fighter)                   Turns: 5020, Time: 00:02:13

Health: -4/51      AC: 23    Str: 21    XL:     8   Next: 69%
Magic:  8/8        EV:  8    Int: 10    God:
Gold:   171        SH:  6    Dex:  9    Spells: 7/7 levels left

rFire   . . .        Y - +0 war axe
rCold   . . .        a - +2 buckler
rNeg    + . .        n - +4 chain mail
rPois   inf          (no helmet)
rElec   +            e - +0 cloak
rCorr   .            h - +2 pair of gloves {hurl}
SInv    .            (no boots)
Will    .....        m - amulet of regeneration Stlth
                     (no ring)
HPRegen 1.08/turn    (no ring)
MPRegen 0.11/turn

%: no passive effects
@: no status effects
A: sickness immunity, AC +5, negative energy resistance 1, electricity
resistance, torment resistance 1, petrification resistance, mutation resistance
1
a: no special abilities


You were on level 6 of the Dungeon.
You visited 1 branch of the dungeon, and saw 6 of its levels.

You collected 198 gold pieces.
You spent 27 gold pieces at shops.


Innate Abilities, Weirdness & Mutations

You are immune to sickness and miasma.
Your stone body is resilient. (AC +5)
You are immune to poison.
You resist negative energy. (rN+)
You are resistant to electric shocks. (rElec)
You are resistant to unholy torment.
You are immune to petrification.
You are somewhat resistant to further mutation.


   Skills:
 - Level 6.2 Fighting
 + Level 8.2 Axes
 - Level 0.3 Throwing
 - Level 4.2 Armour
 - Level 1.0 Dodging
 - Level 3.2 Shields


You had 7 spell levels left.
You didn't know any spells.
Your spell library was empty.

Inventory:

Hand Weapons
 f - a +3 morningstar
 Y - a +0 war axe (weapon)
Armour
 a - a +2 buckler (worn)
 e - a +0 cloak (worn)
 h - a +2 pair of gloves of hurling (worn)
 n - a +4 chain mail (worn)
Jewellery
 m - an amulet of regeneration (around neck)
Scrolls
 c - 3 scrolls of magic mapping {unknown}
 p - a scroll of identify
Potions
 b - a potion of cancellation {unknown}
 d - a potion of might
 g - 2 potions of curing {unknown}
 i - a potion of mutation
 j - 5 potions of attraction
 k - a potion of haste {unknown}
 q - a potion of berserk rage {unknown}

Dungeon Overview and Level Annotations

Branches:
Dungeon (6/15)             Temple (0/1) D:6

Altars:

Shops:
D:1 [(*(   D:6 :

Annotations:
D:6 1 runed translucent door, Crazy Yiuf


Message History

Things that are here:
a +3 spear; a +0 robe You now have 171 gold pieces (gained 11).
As you open the door, it creaks loudly!
Found a spear.
You hear the quick hiss of a very distant avalanche of sand.
A two-headed ogre comes into view. It is wielding two +0 giant clubs.
You slash the two-headed ogre!
The two-headed ogre is lightly wounded.
The two-headed ogre barely misses you.
The two-headed ogre hits you with a +0 giant club!
You closely miss the two-headed ogre.
The two-headed ogre is lightly wounded.
The two-headed ogre barely misses you.
The two-headed ogre hits you with a +0 giant club!
You hit the two-headed ogre.
The two-headed ogre is moderately wounded.
The two-headed ogre closely misses you.
The two-headed ogre hits you with a +0 giant club!
You slash the two-headed ogre!
The two-headed ogre is moderately wounded.
You barely miss the two-headed ogre.
The two-headed ogre is moderately wounded.
The two-headed ogre hits you but does no damage. x2
You hit the two-headed ogre.
The two-headed ogre is heavily wounded.
The two-headed ogre hits you with a +0 giant club! x2
You barely miss the two-headed ogre.
The two-headed ogre is heavily wounded.
The two-headed ogre barely misses you.
The two-headed ogre hits you but does no damage.
You slash the two-headed ogre!
The two-headed ogre is heavily wounded.
You slash the two-headed ogre!
The two-headed ogre is severely wounded.
The two-headed ogre closely misses you. The two-headed ogre barely misses you.
You slash the two-headed ogre!
The two-headed ogre is almost dead.
The two-headed ogre hits you with a +0 giant club!
You die...

.... .#. .#)... .### ...
..#.......# ## #..
....#.......###. ...
............##\. ###.##
##.###......###.
#.....##...##......####
.#.8.8.#.....#.#'##..###
....8..@..#..........)..
.#.8.8O#.....#........))
#.....##...##..........
###.#####.###..........
}.. #.............###
#.....#.............#
....}................#
.#.....#....##########
...}#....#


You could see a two-headed ogre.

Vanquished Creatures
  Eustachio (D:4)
  Duvessa (D:5)
  A black bear (D:4)
  A phantom (D:6)
  Blork the orc (D:6)
  A gnoll sergeant (D:4)
  7 wights (D:6)
  Dowan (D:5)
  2 jellies
  3 hounds
  Jessica (D:3)
  2 iguanas
  Ijyb (D:4)
  An orc wizard (D:4)
  6 adders
  4 gnolls (D:4)
  A worm (D:2)
  13 orcs
  4 endoplasms
  3 giant cockroaches
  7 goblins
  8 hobgoblins
  4 jackals (D:4)
  3 kobolds
  6 quokkas
  3 ball pythons
  3 bats
  4 frilled lizards
  5 rats
98 creatures vanquished.

Notes
Turn   | Place    | Note
-------+----------+-------------------------------------------
     0 | D:1      | qw the Gargoyle Fighter began the quest for the Orb.
     0 | D:1      | Reached XP level 1. HP: 14/14 MP: 1/1
     0 | D:1      | 0 ||| qw: Version: 0.2-a-97-g499787f
     0 | D:1      | 0 ||| qw: Game counter: 75
     0 | D:1      | 0 ||| qw: Always use a shield: true
     0 | D:1      | 0 ||| qw: God list: Okawaru
     0 | D:1      | 0 ||| qw: Allow faded altars: false
     0 | D:1      | 0 ||| qw: Do Orc after D:15 true
     0 | D:1      | 0 ||| qw: Do second Lair branch before Depths: true
     0 | D:1      | 0 ||| qw: Lair rune preference: random
     0 | D:1      | 0 ||| qw: Plans: Normal, Zot:1-4, God:TSO, Crypt, Tomb,
                  | Pan, Slime:5, Hells, Abyss, Win
     0 | D:1      | 0 ||| PLANNING D:1-11
    46 | D:1      | 46 ||| Stepping ~*~*~tactically~*~*~ (hiding).
    59 | D:1      | Reached skill level 2 in Axes
   127 | D:1      | Found Ogguim's Antique Weapon Shoppe.
   149 | D:1      | 149 ||| SHOPLISTING club (18 gold, have 10).
   149 | D:1      | 149 ||| SHOPLISTING flail (63 gold, have 10).
   149 | D:1      | 149 ||| SHOPLISTING mace (54 gold, have 10).
   149 | D:1      | 149 ||| SHOPLISTING whip (45 gold, have 10).
   161 | D:1      | Found Puclug's Antique Armour Shoppe.
   174 | D:1      | 174 ||| SHOPLISTING +8 orange crystal plate armour
                  | {Archmagi, Int+3 Clar} (3323 gold, have 10).
   174 | D:1      | 174 ||| SHOPLISTING pair of gloves (103 gold, have 10).
   187 | D:1      | Reached XP level 2. HP: 19/19 MP: 2/2
   213 | D:1      | Found Nuzugy's General Store.
   222 | D:1      | 222 ||| BUYING +0 whip (27 gold).
   222 | D:1      | Bought a +0 whip for 27 gold pieces
   222 | D:1      | 222 ||| SHOPLISTING potion of haste (110 gold, have 0).
   222 | D:1      | 222 ||| SHOPLISTING scroll of teleportation (33 gold, have
                  | 0).
   222 | D:1      | 222 ||| DROPPING +0 club.
   548 | D:1      | Found Qufa's Weapon Boutique.
   891 | D:1      | 891 ||| UPGRADING to +0 chain mail.
   901 | D:1      | 901 ||| DROPPING +0 scale mail.
   902 | D:1      | 902 ||| UPGRADING to +2 pair of gloves of hurling.
   907 | D:1      | 907 ||| READING 2 scrolls labelled YMYEXTEYRI.
   908 | D:1      | 908 ||| DROPPING scroll of immolation.
   995 | D:2      | 995 ||| Stepping ~*~*~tactically~*~*~ (hiding).
  1002 | D:2      | Reached skill level 3 in Axes
  1064 | D:2      | 1064 ||| Stepping ~*~*~tactically~*~*~ (stealth).
  1090 | D:2      | 1090 ||| Stepping ~*~*~tactically~*~*~ (stealth).
  1091 | D:2      | 1091 ||| Stepping ~*~*~tactically~*~*~ (stealth).
  1099 | D:2      | Reached XP level 3. HP: 22/23 MP: 3/3
  1105 | D:2      | 1105 ||| Stepping ~*~*~tactically~*~*~ (stealth).
  1510 | D:2      | 1510 ||| Stepping ~*~*~tactically~*~*~ (stealth).
  1661 | D:2      | 1661 ||| READING scroll labelled XIAXOL KIUHAD.
  1662 | D:2      | 1662 ||| READING scroll labelled SIKUINO MUE.
  1663 | D:2      | 1663 ||| DRINKING 3 ruby potions.
  1664 | D:2      | 1664 ||| DRINKING 2 glowing grey potions.
  1665 | D:2      | 1665 ||| DROPPING 2 potions of brilliance.
  1682 | D:3      | Reached XP level 4. HP: 28/28 MP: 4/4
  1750 | D:3      | Reached skill level 4 in Axes
  1998 | D:3      | Found a faded altar of an unknown god.
  2035 | D:3      | Noticed Jessica
  2046 | D:3      | Killed Jessica
  2047 | D:3      | Reached XP level 5. HP: 28/32 MP: 5/5
  2254 | D:3      | 2254 ||| Stepping ~*~*~tactically~*~*~ (stealth).
  2382 | D:3      | 2382 ||| READING 2 scrolls labelled MATRUJUHICI.
  2383 | D:3      | 2383 ||| READING scroll labelled ATOCI EDEX.
  2384 | D:3      | 2384 ||| DROPPING scroll of noise.
  2391 | D:4      | Noticed a black bear
  2404 | D:4      | Killed a black bear
  2405 | D:4      | Reached skill level 5 in Axes
  2405 | D:4      | Reached XP level 6. HP: 35/37 MP: 6/6
  2432 | D:4      | Noticed Eustachio
  2462 | D:4      | Killed Eustachio
  2566 | D:4      | You fall into a shaft and drop 1 floor!
  2566 | D:5      | Entered Level 5 of the Dungeon
  2920 | D:4      | Noticed Ijyb
  2921 | D:4      | 2921 ||| Stepping ~*~*~tactically~*~*~ (stealth).
  2923 | D:4      | 2923 ||| Stepping ~*~*~tactically~*~*~ (hiding).
  2924 | D:4      | 2924 ||| Stepping ~*~*~tactically~*~*~ (hiding).
  2935 | D:4      | Killed Ijyb
  2936 | D:4      | Reached skill level 6 in Axes
  2936 | D:4      | Reached XP level 7. HP: 30/44 MP: 7/7
  3369 | D:4      | 3369 ||| DROPPING +0 whip.
  3397 | D:4      | Reached skill level 1 in Dodging
  3417 | D:4      | 3417 ||| Stepping ~*~*~tactically~*~*~ (hiding).
  3419 | D:4      | 3419 ||| Stepping ~*~*~tactically~*~*~ (hiding).
  3420 | D:4      | 3420 ||| Stepping ~*~*~tactically~*~*~ (hiding).
  3687 | D:4      | 3687 ||| UPGRADING to +2 buckler.
  3697 | D:4      | 3697 ||| DROPPING +0 buckler.
  3698 | D:4      | 3698 ||| UPGRADING to +0 cloak.
  3703 | D:4      | 3703 ||| UPGRADING to amulet of regeneration.
  4392 | D:5      | Noticed Duvessa
  4393 | D:5      | Noticed Dowan
  4402 | D:5      | Killed Duvessa
  4403 | D:5      | Reached skill level 7 in Axes
  4405 | D:5      | Killed Dowan
  4528 | D:5      | 4528 ||| UPGRADING to +4 chain mail.
  4538 | D:5      | 4538 ||| DROPPING +0 chain mail.
  4539 | D:5      | 4539 ||| READING scroll labelled NOUWUKK YXKO.
  4540 | D:5      | 4540 ||| READING scroll labelled PULIES UNOY.
  4544 | D:5      | 4544 ||| DRINKING 2 metallic dark potions.
  4544 | D:5      | Gained mutation: You are somewhat resistant to further
                  | mutation. [potion of mutation]
  4602 | D:6      | 4602 ||| PLANNING OSSUARY
  4622 | D:6      | Found a staircase to the Ecumenical Temple.
  4654 | D:6      | Reached XP level 8. HP: 49/49 MP: 8/8
  4697 | D:6      | 4697 ||| DROPPING +1 flail of protection.
  4743 | D:6      | Reached skill level 8 in Axes
  4818 | D:6      | Found a runed translucent door.
  4819 | D:6      | Noticed Crazy Yiuf
  4860 | D:6      | Noticed Blork the orc
  4869 | D:6      | Killed Blork the orc
  4889 | D:6      | Found Irurch's Tremendous Tomes.
  4932 | D:6      | HP: 12/51 [wight/+3 dagger of freezing (1)]
  4933 | D:6      | HP: 4/51 [wight/+0 halberd (9)]
  4934 | D:6      | Reached skill level 6 in Fighting
  5005 | D:6      | Noticed a two-headed ogre
  5016 | D:6      | HP: 12/51 [two-headed ogre/+0 giant club (10)]
  5016 | D:6      | HP: 1/51 [two-headed ogre/+0 giant club (11)]
  5020 | D:6      | Slain by a two-headed ogre

Levels and vault maps discovered:
D:1:      psy_arrival_radial01, layout_basic, serial_shops, shop, shop, shop,
          nicolae_shop_tiny_real_fake_doors
D:2:      layout_loops_cross
D:3:      layout_loops_ring, basic_ecumenical_altar, serial_bayou_pond_c,
          uniq_jessica
D:4:      layout_basic, uniq_ijyb, uniq_eustachio
D:5:      layout_cave_pods, reono_crystal_passage, kennysheep_generic_room_12,
          uniq_duvessa
D:6:      layout_gridville, temple_doors_e, nicolae_ossuary_entry_monument,
          nicolae_shop_i_like_big_books, minmay_chambers_of_fives,
          uniq_blork_the_orc, uniq_crazy_yiuf_cottage

Skill      XL: |  1  2  3  4  5  6  7  8 |
---------------+-------------------------+-----
Axes           | 2 3 4 5 6 7 8 |  8.2
Fighting       | 4 5 6 |  6.2
Dodging        | 1 |  1.0
Armour         | 4 |  4.2
Throwing       | |  0.3
Shields        | |  3.2

Action                     |  1- 3 |  4- 6 |  7- 9 || total
---------------------------+-------+-------+-------++-------
  Melee: War axe           |   104 |   111 |   148 ||   363
  Throw: Boomerang         |       |       |     3 ||     3
    Use: Scroll            |     3 |     2 |     2 ||     7
         Potion            |     2 |       |     1 ||     3
 Armour: Scale mail        |    25 |       |       ||    25
         Chain mail        |    28 |    94 |    91 ||   213
  Dodge: Dodged            |    37 |    52 |    75 ||   164
  Block: Buckler           |    27 |    22 |    62 ||   111

Table legend:
 A = Non-vault XP
 B = Vault XP
 C = Vault XP percentage of total XP
 D = Non-vault monster count
 E = Vault monster count
 F = Vault count percentage of total count
                 A         B        C        D         E       F
            +---------+---------+-------+---------+---------+-------
      Total |    1438 |     566 |  28.2 |      91 |       7 |   7.1
            +---------+---------+-------+---------+---------+-------
        D:1 |      24 |       0 |   0.0 |      15 |       0 |   0.0
        D:2 |      57 |       0 |   0.0 |      17 |       0 |   0.0
        D:3 |      80 |      37 |  31.6 |      13 |       1 |   7.1
        D:4 |     425 |     224 |  34.5 |      27 |       2 |   6.9
        D:5 |     114 |     214 |  65.2 |       8 |       3 |  27.3
        D:6 |     738 |      91 |  11.0 |      11 |       1 |   8.3
            +---------+---------+-------+---------+---------+-------
